 Dungeon Crawl Stone Soup version 0.31-a0-716-gc7603755dd (webtiles) character file.

Game seed: 6200293070005552850

37 zazu2006 the Protected (level 3, 0/37 HPs)
             Began as a Gnoll Wanderer on Sept 10, 2023.
             Succumbed to a gnoll's poison
             ... on level 1 of the Dungeon.
             The game lasted 00:01:34 (1024 turns).

zazu2006 the Protected (Gnoll Wanderer)             Turns: 1024, Time: 00:01:35

Health: 0/37       AC: 21    Str: 11    XL:     3   Next: 39%
Magic:  4/4        EV:  2    Int: 10    God:
Gold:   29         SH:  0    Dex: 14    Spells: 3/3 levels left

rFire   . . .        a - +3 quarterstaff (freeze)
rCold   . . .        (shield currently unavailable)
rNeg    . . .        c - melded +0 ring mail
rPois   +            (helmet currently unavailable)
rElec   .            (cloak currently unavailable)
rCorr   .            (gloves currently unavailable)
SInv    .            (boots currently unavailable)
Will    .....        (no amulet)
Stlth   ++           (no ring)
HPRegen 0.26/turn    (no ring)
MPRegen 0.09/turn

%: no passive effects
@: lethally poisoned (0 -> -8), tree-form
A: stationary, stasis, torment immunity, boosted hp, (fangs 1), strong nose,
distributed training
a: no special abilities


You were on level 1 of the Dungeon.
You were a tree.
You visited 1 branch of the dungeon, and saw 2 of its levels.

You collected 29 gold pieces.

Inventory:

Hand Weapons
 a - a +3 quarterstaff of freezing (weapon)
 b - a +0 spear
Armour
 c - a +0 ring mail (melded)
Jewellery
 e - an amulet of faith
 i - an amulet of regeneration
Scrolls
 d - a scroll of fog


   Skills:
 + Level 0.8 Fighting
 + Level 0.8 Short Blades
 + Level 0.8 Long Blades
 + Level 0.8 Axes
 + Level 0.8 Maces & Flails
 + Level 4.5 Polearms
 + Level 6.5 Staves
 + Level 0.8 Ranged Weapons
 + Level 0.8 Throwing
 + Level 8.5 Armour
 + Level 2.6 Dodging
 + Level 0.8 Stealth
 + Level 0.8 Shields
 + Level 0.8 Unarmed Combat
 + Level 0.8 Spellcasting
 + Level 0.5 Conjurations
 + Level 0.5 Hexes
 + Level 0.5 Summonings
 + Level 0.5 Necromancy
 + Level 0.5 Translocations
 + Level 0.5 Transmutations
 + Level 0.5 Fire Magic
 + Level 0.5 Ice Magic
 + Level 0.5 Air Magic
 + Level 0.5 Earth Magic
 + Level 0.5 Poison Magic
 + Level 1.0 Invocations
 + Level 0.8 Evocations
 + Level 0.7 Shapeshifting


You had 3 spell levels left.
You didn't know any spells.
Your spell library contained the following spells:

 Spells                   Type           Power      Damage    Failure   Level
 Ozocubu's Armour         Ice            1%         N/A       63%         3
 Metabolic Englaciation   Hex/Ice        0%         N/A       100%        5
 Simulacrum               Ice/Necr       0%         N/A       100%        6


Dungeon Overview and Level Annotations

Branches:
Dungeon (2/15)

Altars:


Innate Abilities, Weirdness & Mutations

You are a tree.
Your roots penetrate the ground, keeping you stationary.
You cannot be teleported.
You are immune to unholy pain and torment.
Your maximum health is greatly increased.
Your equipment is partially melded.
((You have very sharp teeth.))
Your uncanny sense of smell can sniff out nearby items.
Your experience applies equally to all skills.


Message History

The hobgoblin hits you but does no damage.
The gnoll barely misses you.
You climb upwards.
There is a stone staircase leading down here.
The gnoll closely misses you.
The hobgoblin attacks as it pursues you!
The hobgoblin hits you but does no damage.
The gnoll hits you from afar with a +2 spear of venom!
You are lethally poisoned!
* * * LOW HITPOINT WARNING * * *
You feel very sick.
The hobgoblin attacks as it pursues you!
The hobgoblin hits you but does no damage.
It was a potion of lignification.
You turn into a tree.
Your +0 ring mail melds into your body.
Your roots penetrate the ground.
* * * LOW HITPOINT WARNING * * *
You feel very sick.
The hobgoblin hits you but does no damage.
You closely miss the hobgoblin.
* * * LOW HITPOINT WARNING * * *
You feel sick. The gnoll hits you but does no damage.
The hobgoblin barely misses you.
You sock the hobgoblin!
You kill the hobgoblin!
* * * LOW HITPOINT WARNING * * *
You feel sick. The gnoll hits you but does no damage.
You are more poisoned.
Unknown command.
As you read the scroll labelled ITAUMA NYNUOMU, it crumbles to dust.
It is a scroll of brand weapon.
Your +2 quarterstaff is covered with a thin layer of ice!
a - a +2 quarterstaff of freezing (weapon)
* * * LOW HITPOINT WARNING * * *
You feel sick. The gnoll hits you but does no damage.
Unknown command.
You aren't carrying any potions.
As you read the scroll labelled MOVAXT ZENATYV, it crumbles to dust.
It is a scroll of enchant weapon.
Your +2 quarterstaff of freezing glows red for a moment.
You die...

#.#.######.#.#.######..##.##.###.
#.#....# #.#.#.# #..##.##.†...
..####.# #.#.#.# #..##.####.##
..# #.# #)#...# #..##.####.## ..#
#.###.###########.##........ ..#
#.................#######.## ..#
#..##.##########..#######.## ..#
#...#..)>#######............ ..#
##..#...gg.♣...#.....##.#...
#.#####..#.##.#####.#####.##...##
......#..#.##.# #.#####.##.####
#.###.#..#.##.#####.#.....##...#♣
#.................#.#.####...#.'.
#..##.#..#.##....##.#.#..#...###♣
......#..#.########.#.#..#...# #
#######...........#.#.#..#...####
.........#.######.#.#....#...'...


You could see 2 gnolls.

Vanquished Creatures
  A gnoll (D:1)
  A dart slug (D:1)
  3 endoplasms (D:1)
  A giant cockroach (D:1)
  3 goblins (D:1)
  3 hobgoblins (D:1)
  3 kobolds (D:1)
  A quokka (D:1)
  5 ball pythons (D:1)
  2 frilled lizards (D:1)
23 creatures vanquished.

Notes
Turn   | Place    | Note
-------+----------+-------------------------------------------
     0 | D:1      | zazu2006 the Gnoll Wanderer began the quest for the Orb.
     0 | D:1      | zazu2006 set off with the following items: a +2
                  | quarterstaff, a +0 spear, a +0 ring mail, a scroll of fog.
     0 | D:1      | Reached XP level 1. HP: 13/13 MP: 1/1
   347 | D:1      | Reached XP level 2. HP: 17/20 MP: 2/2
   745 | D:1      | Reached XP level 3. HP: 25/25 MP: 3/3
   932 | D:1      | Reached skill level 1 in Invocations
  1023 | D:1      | HP: 1/37 [poisoned by a gnoll]
  1024 | D:1      | Succumbed to a gnoll's poison

Illustrated notes

Levels and vault maps discovered:
D:1:      tarquinn_simple_flora_water_e, layout_basic, roderic_nine_men_s_morris
D:2:      minmay_razor_zed, layout_loops_ring, uniq_sigmund

Skill      XL: |  1  2  3 |
---------------+----------+-----
Invocations    | 1 |  1.0
Fighting       | |  0.8
Short Blades   | |  0.8
Long Blades    | |  0.8
Axes           | |  0.8
Maces & Flails | |  0.8
Polearms       | |  4.5
Staves         | |  6.5
Ranged Weapons | |  0.8
Throwing       | |  0.8
Armour         | |  8.5
Dodging        | |  2.6
Stealth        | |  0.8
Shields        | |  0.8
Unarmed Combat | |  0.8
Spellcasting   | |  0.8
Conjurations   | |  0.5
Hexes          | |  0.5
Summonings     | |  0.5
Necromancy     | |  0.5
Translocations | |  0.5
Transmutations | |  0.5
Fire Magic     | |  0.5
Ice Magic      | |  0.5
Air Magic      | |  0.5
Earth Magic    | |  0.5
Poison Magic   | |  0.5
Evocations     | |  0.8
Shapeshifting  | |  0.7

Action                     || total
---------------------------++-------
  Melee: Quarterstaff      ||    51
         Bite              ||     3
    Use: Scroll            ||     2
         Potion            ||     1
 Armour: Ring mail         ||    29
         Skin              ||     4
  Dodge: Dodged            ||    19

Table legend: (Time is in decaauts)
 A = Elapsed time spent in this place.
 B = Non-inter-level travel time spent in this place.
 C = Inter-level travel time spent in this place.
 D = Time resting spent in this place.
 E = Time spent auto-exploring this place.
 F = Levels seen in this place.
 G = Mean time per level.
                   A        B        C        D        E       F      G
               +--------+--------+--------+--------+--------+-----+--------+
         Total |   1023 |   1016 |      7 |     81 |    771 |   2 |  511.5 |
       Dungeon |   1023 |   1016 |      7 |     81 |    771 |   2 |  511.5 |
               +--------+--------+--------+--------+--------+-----+--------+

Top non-repeatable levels by time:
     D:1: 1018 daAuts
     D:2: 5 daAuts
